 Dungeon Crawl Stone Soup version 0.20.1-1-g8b1a95d (webtiles) character file.

56 Shaney4566 the Sneak (level 3, 0/33 HPs)
             Began as a Naga Assassin on Oct 3, 2017.
             Slain by Crazy Yiuf
             ... wielding a +4 quarterstaff of chaos
              (4 damage)
             ... on level 3 of the Dungeon.
             The game lasted 00:19:49 (4020 turns).

Shaney4566 the Sneak (Naga Assassin)                Turns: 4020, Time: 00:19:50

Health: 0/33       AC:  4    Str: 13    XL:     3   Next: 95%
Magic:  3/3        EV:  9    Int: 11    God:
Gold:   101        SH:  0    Dex: 13    Spells: 2/2 levels left

rFire    . . .     SeeInvis +   v - +0 hunting sling
rCold    . . .     Gourm    .   (no shield)
rNeg     . . .     Faith    .   l - +0 leather armour
rPois    +         Spirit   .   (no helmet)
rElec    .         Reflect  .   d - +0 cloak
rCorr    .         Harm     .   k - +0 pair of gloves
MR       .....                  (no barding)
Stlth    +++.......             (no amulet)
Regen    0.2/turn               (no ring)
MPRegen  0.1/turn               (no ring)

@: very slightly contaminated, invisible, very slow
A: see invisible, deformed body, poison resistance, slowness 2, slow metabolism
1, spit poison 1, AC +1
a: Spit Poison


You were on level 3 of the Dungeon.
You were not hungry.

You visited 1 branch of the dungeon, and saw 3 of its levels.

You collected 101 gold pieces.

Inventory:

Hand Weapons
 a - a +2 dagger
 b - a +0 blowgun
 h - a +0 dagger
 i - a +0 club
 j - a +0 club
 m - a +0 hand axe
 s - a +0 spear
 v - a +0 hunting sling (weapon)
 x - a +0 whip
Missiles
 e - 24 poisoned needles
 f - 2 curare-tipped needles
 n - 57 stones (quivered)
 q - 14 arrows
Armour
 c - a +0 robe
 d - a +0 cloak (worn)
 k - a +0 pair of gloves (worn)
 l - a +0 leather armour (worn)
 p - a +0 robe
 u - a +0 robe
Scrolls
 o - a scroll of identify
 w - a scroll of random uselessness
Potions
 r - a potion of magic
 t - a potion of berserk rage
Comestibles
 g - 3 bread rations


   Skills:
 + Level 2.6 Fighting
 - Level 2.0 Short Blades
 * Level 0.1(1.1) Slings
 - Level 1.9 Throwing
 + Level 1.5 Dodging
 * Level 6.9 Stealth


You had 2 spell levels left.
You didn't know any spells.

Dungeon Overview and Level Annotations

Branches:
Dungeon (3/15)

Altars:

Annotations:
D:3 Crazy Yiuf


Innate Abilities, Weirdness & Mutations

You cannot wear boots.
Your serpentine skin is tough. (AC +1)
You have supernaturally acute eyesight. (SInv)
Armour fits poorly on your strangely shaped body.
Your system is resistant to poisons. (rPois)
You cover ground very slowly.
You have a slow metabolism.
You can spit poison.


Message History

Press: ? - help, Shift-Dir - straight line, f/p - Crazy Yiuf
Aim: Crazy Yiuf, wielding a quarterstaff of chaos and wearing a cloak You shoot a stone.
The stone barely misses Crazy Yiuf.
Crazy Yiuf hits you with a quarterstaff of chaos.
You fade into invisibility!
You are very lightly contaminated with residual magic.
Firing (i - inventory):
n - 59 stones (quivered)
Press: ? - help, Shift-Dir - straight line, f/p - Crazy Yiuf
Aim: Crazy Yiuf, wielding a quarterstaff of chaos and wearing a cloak You shoot a stone.
The stone hits Crazy Yiuf.
Crazy Yiuf is lightly wounded.
Crazy Yiuf hits you with a quarterstaff of chaos.
Firing (i - inventory):
n - 58 stones (quivered)
Press: ? - help, Shift-Dir - straight line, f/p - Crazy Yiuf
Aim: Crazy Yiuf, wielding a quarterstaff of chaos and wearing a cloak (lightly wounded)
You shoot a stone. The stone closely misses Crazy Yiuf.
Crazy Yiuf hits you with a quarterstaff of chaos!
* * * LOW HITPOINT WARNING * * *
Crazy Yiuf burns you.
You die...

#................
#................
#................
#................
#####............
#............
♣♣♣♣♣##............ ###
♣♣♣g♣...#............
#...#♣..♣@................
#.(.'.♣♣♣♣................
#)..#♣♣ ♣♣..#............
### ♣♣##............
#............
#############


You could see Crazy Yiuf.

Vanquished Creatures
  A worm (D:3)
  2 dart slugs (D:1)
  4 leopard geckos
  A giant cockroach (D:1)
  7 goblins
  7 hobgoblins
  2 jackals (D:2)
  3 ball pythons
  7 bats
  3 frilled lizards
  A kobold (D:1)
  4 rats
42 creatures vanquished.

Notes
Turn   | Place    | Note
-------+----------+-------------------------------------------
     0 | D:1      | Shaney4566 the Naga Assassin began the quest for the Orb.
     0 | D:1      | Reached XP level 1. HP: 19/19 MP: 1/1
    23 | D:1      | Reached skill level 6 in Stealth
   197 | D:1      | Reached skill level 1 in Dodging
   360 | D:1      | Reached XP level 2. HP: 22/26 MP: 2/2
  1287 | D:1      | Reached XP level 3. HP: 33/33 MP: 3/3
  3211 | D:3      | Found a runed door.
  4011 | D:3      | Noticed Crazy Yiuf
  4020 | D:3      | Slain by Crazy Yiuf

Skill      XL: |  1 |
---------------+----+-----
Stealth        | 6 |  6.9
Dodging        | 1 |  1.5
Fighting       | |  2.6
Short Blades   | |  2.0
Slings         | |  0.1
Throwing       | |  1.9

Action                   || total
-------------------------++-------
Melee: Dagger            ||   100
       Blowgun           ||     3
       Hunting sling     ||     9
 Fire: Hunting sling     ||    77
Throw: Stone             ||     3
 Abil: Spit Poison       ||     6
  Use: Scroll            ||     4
 Stab: Sleeping          ||     4
  Eat: Chunk             ||     2
       Meat ration       ||     1
Armor: Robe              ||    16
       Leather armour    ||    33
Dodge: Dodged            ||    60
